 Dungeon Crawl Stone Soup version 0.26-a0-639-g72c4674329 (webtiles) character file.

Game seed: 14133751813836924958

133626 vurker the Covert (level 17, -8/135 HPs)
             Began as a Gnoll Delver on Sept 23, 2020.
             Was a Priest of Cheibriados.
             Killed from afar by a lich (40 damage)
             ... with a bolt of negative energy
             ... on level 4 of the Abyss.
             The game lasted 00:54:22 (37024 turns).

vurker the Covert (Gnoll Delver)                   Turns: 37024, Time: 00:54:23

Health: -8/135     AC: 16    Str: 20      XL:     17   Next: 15%
Magic:  17/22      EV: 16    Int: 20 (22) God:    Cheibriados [***...]
Gold:   122        SH: 13    Dex: 28      Spells: 38/38 levels left

rFire    + . .     SeeInvis .   a - +6 flail (drain)
rCold    . . .     Faith    +   M - +0 kite shield {reflect}
rNeg     . . .     Spirit   .   D - +1 chain mail {MR+}
rPois    +         Reflect  +   X - +0 helmet
rElec    .         Harm     .   h - +0 cloak
rCorr    .         Rampage  .   I - +2 pair of gloves
MR       +++..                  K - +0 pair of boots
Stlth    +++.......             R - amulet of faith
HPRegen  0.32/turn              f - ring of protection from magic
MPRegen  0.18/turn              P - ring "Cumuich" {rPois rF+ Int-4 Dex+3}

@: slowed, drained, very slow
A: distributed training, fangs 1, talons 1, [deformed body], low mp 1[+2], [weak
2], [subdued magic 2], strong nose
a: Bend Time, Temporal Distortion, Renounce Religion


You were on level 4 of the Abyss.
You worshipped Cheibriados.
Cheibriados was most pleased with you.
You visited 4 branches of the dungeon, and saw 26 of its levels.
You visited the Abyss 1 time.
You also visited: Ice Cave.

You collected 2843 gold pieces.
You spent 2721 gold pieces at shops.

Inventory:

Hand Weapons
 a - a +6 flail of draining (weapon)
   (You took it off Edmund on level 6 of the Dungeon)
 U - a +0 broad axe of freezing
   (You took it off an orc warrior on level 2 of the Orcish Mines)
Armour
 c - a +0 plate armour of fire resistance
   (You found it on level 3 of the Snake Pit)
 h - a +0 cloak (worn)
   (You found it on level 3 of the Dungeon)
 n - a +3 plate armour of cold resistance
   (You bought it in a shop on level 2 of the Orcish Mines)
 D - a +1 chain mail of magic resistance (worn)
   (You took it off an orc priest on level 7 of the Dungeon)
 I - a +2 pair of gloves (worn)
   (You bought it in a shop on level 8 of the Dungeon)
 K - a +0 pair of boots (worn)
   (You found it on level 1 of the Lair of Beasts)
 M - a +0 kite shield of reflection (worn)
   (You acquired it on level 12 of the Dungeon)
 X - a +0 helmet (worn)
   (You found it on level 8 of the Dungeon)
Jewellery
 f - a ring of protection from magic (left hand)
   (You found it on level 1 of the Dungeon)
 w - an uncursed ring of resist corrosion
   (You found it on level 4 of the Dungeon)
 y - an uncursed ring of wizardry
   (You found it on level 5 of the Dungeon)
 B - an uncursed ring of positive energy
   (You found it on level 9 of the Dungeon)
 G - an uncursed ring of magical power
   (You found it on level 4 of the Dungeon)
 N - an uncursed ring of protection from magic
   (You found it on level 3 of the Lair of Beasts)
 P - the ring "Cumuich" (right hand) {rPois rF+ Int-4 Dex+3}
   (You found it on level 5 of the Lair of Beasts)

   [ring of protection from fire]

   It affects your intelligence (-4).
   It affects your dexterity (+3).
   It protects you from fire.
   It protects you from poison.
 R - an amulet of faith (around neck)
   (You found it on level 6 of the Lair of Beasts)
 T - an uncursed ring of see invisible
   (You found it in an ice cave)
Wands
 d - a wand of iceblast (17)
   (You found it on level 13 of the Dungeon)
 m - a wand of polymorph (23)
   (You found it on level 7 of the Dungeon)
 t - a wand of flame (22)
   (You found it on level 10 of the Dungeon)
 u - a wand of paralysis (7)
   (You found it on level 14 of the Dungeon)
 v - a wand of digging (7)
 x - a wand of acid (6)
   (You found it on level 1 of the Snake Pit)
 V - a wand of enslavement (10)
   (You found it on level 1 of the Snake Pit)
Scrolls
 e - 6 scrolls of fear
 k - 5 scrolls of amnesia
 l - a scroll of immolation
 o - 7 scrolls of remove curse
 p - 4 scrolls of blinking
 q - 14 scrolls of teleportation
 s - 3 scrolls of enchant weapon
 E - 4 scrolls of magic mapping
 H - a scroll of summoning
 J - a scroll of enchant armour
 L - 3 scrolls of silence
 O - 3 scrolls of fog
 W - 3 scrolls of identify
Potions
 b - 6 potions of mutation
 g - 4 potions of flight
 i - 9 potions of curing
 j - 3 potions of lignification
 r - 5 potions of might
 z - 2 potions of heal wounds
 A - a potion of ambrosia
 C - a potion of magic
 F - 3 potions of resistance
 Q - a potion of invisibility
 S - a potion of cancellation {unknown}


   Skills:
 + Level 12.8(11.9) Fighting
 + Level 11.3(10.4) Short Blades
 + Level 11.3(10.4) Long Blades
 + Level 11.3(10.4) Axes
 + Level 12.1(11.2) Maces & Flails
 + Level 11.3(10.4) Polearms
 + Level 11.3(10.4) Staves
 + Level 11.3(10.4) Slings
 + Level 11.3(10.4) Bows
 + Level 11.3(10.4) Crossbows
 + Level 11.3(10.4) Throwing
 + Level 11.3(10.4) Armour
 + Level 12.1(11.2) Dodging
 + Level 14.2(13.3) Stealth
 + Level 11.3(10.4) Shields
 + Level 11.3(10.4) Unarmed Combat
 + Level 11.3(10.4) Spellcasting
 + Level 9.6(8.8) Conjurations
 + Level 9.6(8.8) Hexes
 + Level 9.6(8.8) Summonings
 + Level 9.6(8.8) Necromancy
 + Level 9.6(8.8) Translocations
 + Level 9.6(8.8) Transmutations
 + Level 9.6(8.8) Fire Magic
 + Level 9.6(8.8) Ice Magic
 + Level 9.6(8.8) Air Magic
 + Level 9.6(8.8) Earth Magic
 + Level 9.6(8.8) Poison Magic
 + Level 12.2(11.3) Invocations
 + Level 11.3(10.4) Evocations


You had 38 spell levels left.
You didn't know any spells.
Your spell library contained the following spells:

 Spells                   Type           Power        Failure   Level
 Animate Skeleton         Necr           ####..       1%          1
 Apportation              Tloc           ####..       1%          1
 Beastly Appendage        Tmut           ####..       1%          1
 Corona                   Hex            ####...      1%          1
 Freeze                   Ice            ####         1%          1
 Magic Dart               Conj           ####         1%          1
 Pain                     Necr           ####         1%          1
 Sting                    Tmut/Pois      ####         1%          1
 Summon Small Mammal      Summ           ####         1%          1
 Blink                    Tloc           N/A          1%          2
 Call Imp                 Summ           ####....     1%          2
 Passwall                 Tmut/Erth      ####....     1%          2
 Slow                     Hex            ####....     1%          2
 Wereblood                Tmut           ####....     1%          2
 Confusing Touch          Hex            ####....     4%          3
 Conjure Flame            Conj/Fire      ####....     4%          3
 Frozen Ramparts          Ice            ####..       4%          3
 Gell's Gravitas          Tloc           ####......   4%          3
 Ignite Poison            Fire/Tmut/Pois ####....     4%          3
 Lesser Beckoning         Tloc           ####......   4%          3
 Mephitic Cloud           Conj/Pois/Air  ####....     4%          3
 Ozocubu's Armour         Ice            ####....     4%          3
 Spider Form              Tmut/Pois      ####......   4%          3
 Stone Arrow              Conj/Erth      ####..       4%          3
 Tukima's Dance           Hex            ####....     4%          3
 Vampiric Draining        Necr           ####......   4%          3
 Animate Dead             Necr           ####......   16%         4
 Cause Fear               Hex            ####......   16%         4
 Hailstorm                Conj/Ice       ####....     16%         4
 Ice Form                 Ice/Tmut       ####....     16%         4
 Petrify                  Tmut/Erth      ####....     16%         4
 Summon Ice Beast         Ice/Summ       ####....     16%         4
 Summon Lightning Spire   Summ/Air       ####....     16%         4
 Agony                    Necr           ####....     43%         5
 Alistair's Intoxication  Tmut/Pois      ####.....    43%         5
 Blade Hands              Tmut           ####......   43%         5
 Borgnjor's Vile Clutch   Necr/Erth      ####......   43%         5
 Irradiate                Conj/Tmut      ####......   43%         5
 Metabolic Englaciation   Hex/Ice        ####......   43%         5
 Silence                  Hex/Air        ####......   43%         5
 Yara's Violent Unravell  Hex/Tmut       ####......   43%         5
 Conjure Ball Lightning   Conj/Air       ####......   96%         6
 Death Channel            Necr           ####......   96%         6
 Freezing Cloud           Conj/Ice/Air   ####......   96%         6
 Hydra Form               Tmut           ####......   96%         6
 Invisibility             Hex            ####....     96%         6
 Ozocubu's Refrigeration  Ice            ####......   96%         6
 Simulacrum               Ice/Necr       ####......   96%         6
 Statue Form              Tmut/Erth      ####.....    96%         6
 Dragon Form              Tmut           ####......   100%        7
 Tornado                  Air            ####......   100%        9


Dungeon Overview and Level Annotations

Branches:
Dungeon (15/15)            Temple (0/1) D:4            Lair (6/6) D:11
 Shoals (0/4) Lair:3        Snake (3/4) Lair:2        Slime (0/5) Lair:5
    Orc (2/2) D:11            Elf (0/3) Orc:2        Vaults (0/5) D:14
  IceCv (visited)
 Depths: D:15

Altars:
Cheibriados
Dithmenos
Elyvilon
Kikubaaqudgha
Makhleb
Okawaru
Sif Muna
Uskayaw
Jiyva

Shops:
D:8 [   D:10 ?   D:12 *}   D:13 ?(=*   Orc:2 (:}=[   Snake:1 =}}   Snake:2 ?

Portals:
Trove: D:12 (give 2 scrolls of acquirement)

Annotations:
D:3 2 transporters, Lanoc's ghost, amateur GnAr
D:8 2 transporters, exclusion: electric eel, SatoMori's ghost, novice GnFi
D:10 2 runed translucent doors, Flugslaktarn's ghost, journeyman MiFi
D:12 3 runed translucent doors, Killmatronix's ghost, journeyman DgHu


Innate Abilities, Weirdness & Mutations

Your experience applies equally to all skills.
You have very sharp teeth.
Your uncanny sense of smell can sniff out nearby items.
You have sharp toenails.
[Armour fits poorly on your strangely shaped body.]
[Your magical capacity is extremely low. (-30% MP)]
[You are very weak. (Str -4)]
[Your spells are easier to cast, but less powerful.]


Message History

The phantom completely misses you. The wraith hits you but does no damage.
You miss the phantom. You bite the phantom.
The chaos spawn completely misses you. The phantom misses you.
The wraith hits you! The wraith drains your vigour!
You feel yourself slow down.
Unknown command.
You hit the phantom. You bite the phantom, but do no damage.
You feel less confused. The chaos spawn barely misses you.
The phantom barely misses you. The wraith barely misses you.
You sock the chaos spawn! Your bite misses the chaos spawn.
The chaos spawn closely misses you. The phantom misses you.
You block the wraith's attack. The chaos spawn barely misses you.
You hit the chaos spawn but do no damage.
You bite the chaos spawn, but do no damage.
You block the phantom's attack. You block the wraith's attack.
You block the chaos spawn's attack. The phantom barely misses you.
You hit the chaos spawn.
You bite the chaos spawn, but do no damage.
The wraith closely misses you. You block the chaos spawn's attack.
The phantom blinks!
You block the wraith's attack.
You hit the chaos spawn.
You bite the chaos spawn, but do no damage.
You block the chaos spawn's attack. The wraith closely misses you.
You closely miss the chaos spawn. Something hits you.
Deactivating autopickup; reactivate with Ctrl-A.
You block the chaos spawn's attack. The wraith hits you.
* * * LOW HITPOINT WARNING * * *
The wraith drains your vigour!
You feel as though you will be slow longer.
The chaos spawn gores you!
* * * LOW HITPOINT WARNING * * *
The chaos spawn freezes you!
* * * LOW HITPOINT WARNING * * *
Something hits you!
* * * LOW HITPOINT WARNING * * *
You can feel time thicken for a moment.
You kill the chaos spawn!
Cheibriados appreciates the change of pace.
The chaos spawn degenerates into a cloud of primal chaos!
You can no longer inflict damage on those overly hasty.
Cheibriados lowers the support of your attributes as your movement quickens.
You block the wraith's attack. The wraith hits you but does no damage.
You hit the lich. You block the wraith's attack.
You hit the lich but do no damage. The lich misses you. The wraith hits you.
* * * LOW HITPOINT WARNING * * *
The lich points at you and mumbles some strange words.
The bolt of negative energy hits you!!!
You feel drained.
You die...

.. .. L.
. # #.
.## ..
....##.
.#.. . #
..# ..
###L#.#
#.@§.#
#W#..# #.
#...#....
. ##.
.##..#..
..# .#
#... ∆∆
#.## ##
## #


You could see a lich and a wraith (summoned).

Vanquished Creatures
  Agnes (Snake:2)
  Roxanne (Snake:1)
  A nagaraja (Snake:2)
  A frost giant (IceCv)
  Aizul (Snake:1)
  2 entropy weavers
  Nessos (Lair:6)
  A dire elephant (Lair:6)
  Josephine (D:11)
  An ettin (Orc:2)
  11 naga warriors
  9 hydras
  A vault guard (D:14)
  2 catoblepae
  3 centaur warriors
  4 two-headed ogres
  3 anacondas
  A deep troll shaman (Lair:6)
  A tengu warrior (D:14)
  A queen ant (Lair:5)
  3 death yaks (Lair:6)
  An orc high priest (D:11)
  4 naga sharpshooters
  9 shock serpents
  A salamander mystic (Snake:3)
  2 unseen horrors
  A wretched star (Abyss:4)
  A naga ritualist (Snake:3)
  4 mana vipers
  4 orc knights
  6 oklob plants
  An orc sorcerer (Orc:1)
  9 ugly things
  A cyclops (Orc:2)
  5 salamanders
  26 black mambas
  4 guardian serpents
  13 cane toads
  A torpor snail (Lair:4)
  15 elephants
  11 naga magi
  A freezing wraith (D:15)
  5 rime drakes
  A yaktaur (D:15)
  4 komodo dragons
  A tengu conjurer (D:14)
  8 trolls
  18 polar bears
  10 hippogriffs
  A raiju (Abyss:3)
  3 blink frogs (Lair:3)
  11 dream sheep
  A shadow (D:13)
  4 water elementals (D:15)
  50 yaks
  2 vampires
  5 wyverns
  9 wraiths
  10 humans (D:14)
  A golden eye (shapeshifter) (D:14)
  4 basilisks
  A chaos spawn (Abyss:4)
  A neqoxec (Abyss:4)
  A steam dragon (D:11)
  4 vampire mosquitoes (D:14)
  Grum (D:10)
  Edmund (D:6)
  31 nagas
  4 wargs
  4 porcupines
  9 soldier ants
  29 water moccasins
  32 orc warriors
  2 small abominations (Abyss:4)
  2 ice beasts
  4 black bears
  A necrophage (D:12)
  2 sky beasts
  10 ogres
  6 phantoms
  27 wolves
  32 centaurs
  13 crocodiles
  18 bullfrogs
  A big kobold (D:13)
  4 scorpions
  A wyvern skeleton (D:10)
  3 killer bees (D:9)
  15 wights
  A howler monkey (D:10)
  2 electric eels
  A bullfrog zombie (D:5)
  A centaur zombie (D:10)
  4 jellies
  8 hounds
  20 orc priests
  4 bullfrog skeletons
  20 orc wizards
  5 centaur skeletons
  An iguana (D:10)
  26 worker ants
  A worker ant zombie (D:7)
  16 adders
  A howler monkey skeleton (D:11)
  2 shadow imps
  5 white imps
  3 ufetubi
  2 oozes
  An adder zombie (D:7)
  3 adder skeletons
  2 worms
  2 dart slugs
  7 leopard geckos
  75 orcs
  5 giant cockroaches
  3 hobgoblins
  5 jackals
  3 quokkas
  5 ball pythons (D:4)
  4 bats
  5 frilled lizards
  A jackal skeleton (D:4)
  10 kobolds
  A leopard gecko skeleton (D:9)
  A quokka skeleton (D:4)
  7 rats
  A bush (D:11)
841 creatures vanquished.

Vanquished Creatures (others)
  A polar bear (IceCv)
  A human (D:14)
  A chaos spawn (Abyss:4)
  A naga (Snake:1)
  An orc (D:8)
  39 fungi
  42 plants
  2 starspawn tentacles (Abyss:3)
88 creatures vanquished.

Grand Total: 929 creatures vanquished

Notes
Turn   | Place    | Note
-------+----------+-------------------------------------------
     0 | D:5      | Reached skill level 9 in Stealth
     0 | D:5      | vurker the Gnoll Delver began the quest for the Orb.
     0 | D:5      | Reached XP level 1. HP: 23/23 MP: 1/1
     7 | D:4      | Found an iron altar of Okawaru.
     7 | D:4      | Found a hide-covered altar of Uskayaw.
    11 | D:4      | Found an ancient bone altar of Kikubaaqudgha.
   141 | D:3      | Reached XP level 2. HP: 29/29 MP: 2/2
   337 | D:3      | Found a snail-covered altar of Cheibriados.
   338 | D:3      | Found a transporter.
   339 | D:3      | Noticed Lanoc's ghost (amateur GnAr)
   340 | D:3      | Noticed an ogre
   342 | D:3      | Noticed an ogre
   356 | D:3      | Became a worshipper of Cheibriados the Contemplative
   657 | D:1      | Reached XP level 3. HP: 31/35 MP: 3/3
  1376 | D:2      | Reached skill level 1 in Invocations
  1448 | D:2      | Reached * piety under Cheibriados
  1516 | D:2      | Reached skill level 1 in Short Blades
  1516 | D:2      | Reached skill level 1 in Long Blades
  1516 | D:2      | Reached skill level 1 in Axes
  1516 | D:2      | Reached skill level 1 in Polearms
  1516 | D:2      | Reached skill level 1 in Staves
  1516 | D:2      | Reached skill level 1 in Slings
  1516 | D:2      | Reached skill level 1 in Bows
  1516 | D:2      | Reached skill level 1 in Crossbows
  1516 | D:2      | Reached skill level 1 in Throwing
  1516 | D:2      | Reached skill level 1 in Armour
  1516 | D:2      | Reached skill level 1 in Shields
  1516 | D:2      | Reached skill level 1 in Unarmed Combat
  1516 | D:2      | Reached skill level 1 in Spellcasting
  1516 | D:2      | Reached skill level 1 in Evocations
  1626 | D:2      | Reached XP level 4. HP: 41/41 MP: 5/5
  1786 | D:2      | Found a faded altar of an unknown god.
  2107 | D:3      | Found a transporter.
  2233 | D:3      | Reached skill level 1 in Conjurations
  2233 | D:3      | Reached skill level 1 in Hexes
  2233 | D:3      | Reached skill level 1 in Summonings
  2233 | D:3      | Reached skill level 1 in Necromancy
  2233 | D:3      | Reached skill level 1 in Translocations
  2233 | D:3      | Reached skill level 1 in Transmutations
  2233 | D:3      | Reached skill level 1 in Fire Magic
  2233 | D:3      | Reached skill level 1 in Ice Magic
  2233 | D:3      | Reached skill level 1 in Air Magic
  2233 | D:3      | Reached skill level 1 in Earth Magic
  2233 | D:3      | Reached skill level 1 in Poison Magic
  2279 | D:3      | Found a white marble altar of Elyvilon.
  2385 | D:4      | Reached XP level 5. HP: 27/47 MP: 5/7
  2538 | D:4      | Noticed a phantom
  2787 | D:4      | Killed a phantom
  2787 | D:4      | Reached ** piety under Cheibriados
  2787 | D:4      | Reached XP level 6. HP: 46/53 MP: 8/8
  2834 | D:4      | Reached skill level 5 in Maces & Flails
  2834 | D:4      | Reached skill level 5 in Dodging
  3293 | D:4      | Found a staircase to the Ecumenical Temple.
  3538 | D:4      | Found a shadowy altar of Dithmenos.
  3850 | D:4      | Reached *** piety under Cheibriados
  3923 | D:5      | Reached XP level 7. HP: 40/59 MP: 10/10
  4528 | D:5      | Reached skill level 10 in Stealth
  4528 | D:5      | Reached XP level 8. HP: 48/67 MP: 12/12
  4862 | D:5      | Found a burning altar of Makhleb.
  5010 | D:6      | Noticed Edmund
  5036 | D:6      | Killed Edmund
  5773 | D:6      | Reached **** piety under Cheibriados
  5815 | D:6      | Reached XP level 9. HP: 72/72 MP: 14/14
  7287 | D:8      | Reached skill level 5 in Invocations
  7311 | D:8      | Found a transporter.
  7439 | D:8      | Found a transporter.
  7440 | D:8      | Noticed a moth of wrath
  7442 | D:8      | Noticed SatoMori's ghost (novice GnFi)
  7622 | D:8      | Found Pabuxookh's Antique Armour Shop.
  8298 | D:9      | Reached XP level 10. HP: 80/80 MP: 17/17
  8433 | D:9      | Reached ***** piety under Cheibriados
  8433 | D:9      | Reached skill level 5 in Short Blades
  8433 | D:9      | Reached skill level 5 in Long Blades
  8433 | D:9      | Reached skill level 5 in Axes
  8433 | D:9      | Reached skill level 5 in Polearms
  8433 | D:9      | Reached skill level 5 in Staves
  8433 | D:9      | Reached skill level 5 in Slings
  8433 | D:9      | Reached skill level 5 in Bows
  8433 | D:9      | Reached skill level 5 in Crossbows
  8433 | D:9      | Reached skill level 5 in Throwing
  8433 | D:9      | Reached skill level 5 in Armour
  8433 | D:9      | Reached skill level 5 in Shields
  8433 | D:9      | Reached skill level 5 in Unarmed Combat
  8433 | D:9      | Reached skill level 5 in Spellcasting
  8433 | D:9      | Reached skill level 5 in Evocations
  8793 | D:9      | Noticed a two-headed ogre
  8876 | D:9      | Identified the Papyrus of Intimidation
  8891 | D:9      | Killed a two-headed ogre
  9216 | D:10     | Entered Level 10 of the Dungeon
  9216 | D:10     | Noticed Grum
  9447 | D:10     | Noticed a purple ugly thing
  9461 | D:10     | Killed a purple ugly thing
  9461 | D:10     | Reached skill level 11 in Stealth
  9577 | D:10     | Killed Grum
  9835 | D:10     | Found a large runed translucent door.
  9836 | D:10     | Found a large runed translucent door.
  9836 | D:10     | Noticed Flugslaktarn's ghost (journeyman MiFi)
  9935 | D:10     | Reached XP level 11. HP: 82/87 MP: 19/19
  9965 | D:10     | Found Udeanos's Magic Scroll Shop.
  9968 | D:10     | Bought a scroll of fog for 30 gold pieces
  9968 | D:10     | Bought a scroll of blinking for 112 gold pieces
 10037 | D:11     | Noticed a two-headed ogre
 10046 | D:11     | Killed a two-headed ogre
 10296 | D:11     | Reached skill level 5 in Conjurations
 10296 | D:11     | Reached skill level 5 in Hexes
 10296 | D:11     | Reached skill level 5 in Summonings
 10296 | D:11     | Reached skill level 5 in Necromancy
 10296 | D:11     | Reached skill level 5 in Translocations
 10296 | D:11     | Reached skill level 5 in Transmutations
 10296 | D:11     | Reached skill level 5 in Fire Magic
 10296 | D:11     | Reached skill level 5 in Ice Magic
 10296 | D:11     | Reached skill level 5 in Air Magic
 10296 | D:11     | Reached skill level 5 in Earth Magic
 10296 | D:11     | Reached skill level 5 in Poison Magic
 10384 | D:11     | Noticed a two-headed ogre
 10385 | D:11     | Noticed a seven-headed hydra
 10463 | D:11     | Noticed a purple ugly thing
 10475 | D:11     | Killed a purple ugly thing
 10874 | D:11     | Killed a seven-headed hydra
 11119 | D:11     | Found a staircase to the Orcish Mines.
 11280 | D:11     | Found a staircase to the Lair.
 11487 | D:11     | Noticed Josephine
 11552 | D:11     | Killed Josephine
 12158 | D:8      | Bought a pair of embroidered gloves for 195 gold pieces
 12158 | D:8      | Bought a heavily runed scale mail for 234 gold pieces
 12173 | D:8      | Identified the +5 scale mail of Supple Strength {rPois}
                  | (You bought it in a shop on level 8 of the Dungeon)
 12223 | Lair:1   | Entered Level 1 of the Lair of Beasts
 12487 | Lair:1   | Reached XP level 12. HP: 76/96 MP: 22/22
 13681 | Lair:2   | Found a staircase to the Snake Pit.
 13996 | Lair:2   | Noticed a four-headed hydra
 14003 | Lair:2   | Killed a four-headed hydra
 14003 | Lair:2   | Reached skill level 10 in Fighting
 14064 | Lair:2   | Noticed a six-headed hydra
 14074 | Lair:2   | Killed a six-headed hydra
 14542 | Lair:2   | Reached skill level 12 in Stealth
 14940 | Lair:3   | Found a staircase to the Shoals.
 14955 | Lair:3   | Reached XP level 13. HP: 94/103 MP: 24/24
 15008 | Lair:3   | Got a dazzling long sword
 15009 | Lair:3   | Identified the cursed +3 long sword of Courage {vorpal,
                  | rPois rN+ Str+4 SInv} (You found it on level 3 of the Lair
                  | of Beasts)
 15827 | Lair:3   | Reached ****** piety under Cheibriados
 17138 | Lair:5   | Noticed an entropy weaver
 17156 | Lair:4   | Killed an entropy weaver
 17964 | Lair:5   | Noticed an entropy weaver
 17984 | Lair:5   | Killed an entropy weaver
 18459 | Lair:5   | Got a flickering tin ring
 18493 | Lair:5   | Found a viscous altar of Jiyva.
 18493 | Lair:5   | Found a staircase to the Slime Pits.
 18727 | Lair:6   | Entered Level 6 of the Lair of Beasts
 18736 | Lair:6   | Reached XP level 14. HP: 100/111 MP: 26/26
 18756 | Lair:6   | Reached skill level 10 in Maces & Flails
 18756 | Lair:6   | Reached skill level 10 in Dodging
 19531 | Lair:6   | Reached skill level 10 in Invocations
 19826 | Lair:6   | Identified the ring "Cumuich" {rPois rF+ Int-4 Dex+3} (You
                  | found it on level 5 of the Lair of Beasts)
 19889 | Lair:6   | Noticed Nessos
 19908 | Lair:6   | Killed Nessos
 20814 | Lair:6   | Noticed a dire elephant
 20830 | Lair:6   | Killed a dire elephant
 20839 | Lair:6   | Reached skill level 13 in Stealth
 21204 | Orc:1    | Entered Level 1 of the Orcish Mines
 21532 | Orc:2    | Entered Level 2 of the Orcish Mines
 21957 | Orc:2    | Found Gaacasach's Antique Weapon Boutique.
 21976 | Orc:2    | Found a staircase to the Elven Halls.
 22181 | Orc:1    | You fall into a shaft and drop 1 floor!
 22523 | Orc:1    | Reached XP level 15. HP: 119/119 MP: 22/28
 23069 | Orc:2    | Found Iptyu's Jewellery Shop.
 23069 | Orc:2    | Found Mefumev's Gadget Emporium.
 23072 | Orc:2    | Found Tuifub's Antique Armour Boutique.
 23074 | Orc:2    | Found Addusac's Book Shoppe.
 23587 | Orc:2    | Bought a shiny plate armour for 598 gold pieces
 23721 | D:12     | Found a runed translucent gate.
 23721 | D:12     | Found a runed translucent gate.
 23721 | D:12     | Found a runed translucent gate.
 23896 | D:12     | Noticed Killmatronix's ghost (journeyman DgHu)
 23962 | D:12     | Found Geos's Gadget Shop.
 24023 | D:12     | Found Lipott's Assorted Antiques.
 24031 | D:12     | Bought a scroll of blinking for 195 gold pieces
 24031 | D:12     | Bought a scroll labeled UXAJU ZEVVUFEL for 26 gold pieces
 24031 | D:12     | Bought a scroll of brand weapon for 520 gold pieces
 24032 | D:12     | Acquired a +0 kite shield of reflection
 24052 | D:12     | Found a portal to a secret trove of treasure.
 24360 | D:13     | Found a frozen archway.
 24537 | IceCv    | Entered an ice cave
 24963 | IceCv    | Reached skill level 10 in Short Blades
 24963 | IceCv    | Reached skill level 10 in Long Blades
 24963 | IceCv    | Reached skill level 10 in Axes
 24963 | IceCv    | Reached skill level 10 in Polearms
 24963 | IceCv    | Reached skill level 10 in Staves
 24963 | IceCv    | Reached skill level 10 in Slings
 24963 | IceCv    | Reached skill level 10 in Bows
 24963 | IceCv    | Reached skill level 10 in Crossbows
 24963 | IceCv    | Reached skill level 10 in Throwing
 24963 | IceCv    | Reached skill level 10 in Armour
 24963 | IceCv    | Reached skill level 10 in Shields
 24963 | IceCv    | Reached skill level 10 in Unarmed Combat
 24963 | IceCv    | Reached skill level 10 in Spellcasting
 24963 | IceCv    | Reached skill level 10 in Evocations
 25256 | IceCv    | Noticed a frost giant
 25285 | IceCv    | Killed a frost giant
 25622 | IceCv    | Identified the Almanac of Congealing Malediction
 26040 | D:13     | Found Odajomm's Magic Scroll Shoppe.
 26041 | D:13     | Found Idaink's Antique Weapon Shop.
 26052 | D:13     | Bought a scroll of teleportation for 48 gold pieces
 26052 | D:13     | Bought a scroll of teleportation for 48 gold pieces
 26149 | D:13     | Found Fatahu's Assorted Antiques.
 26152 | D:13     | Bought a scroll labeled ZAPIEL ET GIO for 38 gold pieces
 26219 | D:13     | Found Marooc's Jewellery Shop.
 26542 | D:14     | You fall into a shaft and drop 1 floor!
 26542 | D:15     | Entered Level 15 of the Dungeon
 27365 | D:14     | Found a shimmering blue altar of Sif Muna.
 28063 | D:14     | Reached XP level 16. HP: 91/127 MP: 30/30
 28184 | D:14     | Found a gate to the Vaults.
 28557 | D:12     | Bought a scroll of brand weapon for 520 gold pieces
 28649 | Snake:1  | Entered Level 1 of the Snake Pit
 28666 | Snake:1  | Found a shadowy altar of Dithmenos.
 28691 | Snake:1  | Noticed Aizul
 28709 | Snake:1  | Killed Aizul
 29345 | Snake:1  | Identified Roxanne's Grimoire of Transmutation
 29345 | Snake:1  | Noticed Roxanne
 30115 | Snake:1  | Identified Juhentos's Collected Works on Ashen Stolen Souls
 30196 | Snake:1  | Found Lahom's Gadget Emporium.
 30197 | Snake:1  | Found Achajauh's Jewellery Shop.
 30198 | Snake:1  | Found Suneejeh's Gadget Emporium.
 30776 | Snake:1  | Killed Roxanne
 31299 | Snake:2  | Found Neacidec's Magic Scroll Shoppe.
 31302 | Snake:2  | Bought a scroll of blinking for 157 gold pieces
 31368 | Snake:2  | Found an ancient bone altar of Kikubaaqudgha.
 32748 | Snake:2  | Noticed a nagaraja
 32768 | Snake:2  | Killed a nagaraja
 33083 | Snake:2  | Reached skill level 14 in Stealth
 33965 | Snake:2  | Noticed Agnes
 33991 | Snake:2  | Killed Agnes
 34502 | Snake:2  | HP: 6/129 [poisoned by a naga (splash of poison)]
 35543 | Snake:3  | Reached XP level 17. HP: 135/135 MP: 32/32
 36433 | Snake:3  | Cast into level 3 of the Abyss (salamander)
 36508 | Abyss:3  | Noticed a tentacled starspawn
 36518 | Abyss:4  | Found a corrupted altar of Lugonu.
 36763 | Abyss:4  | Gained mutation: You have sharp toenails. [a neqoxec]
 36765 | Abyss:4  | Gained mutation: [Your magical capacity is low. (-10% MP)]
                  | [a neqoxec]
 37010 | Abyss:4  | Noticed a lich
 37024 | Abyss:4  | Killed from afar by a lich

Illustrated notes

Levels and vault maps discovered:
D:1:      dpeg_arrival_rooms_c, layout_loops_ring
D:2:      layout_basic, chequers_ecumenical_altar_simple, minivault_4,
          hangedman_abyss_or_decor_lesser_grid
D:3:      layout_basic, elyvilon_altar_3, kennysheep_slug_shrine,
          gammafunk_ghost_smash, eino_tiny_chamber
D:4:      layout_gridville, nicolae_overflow_hidden_temple, marbit_many_paths,
          minmay_temple_entry_glass, minmay_snake_closets
D:5:      layout_loops_ring, kennysheep_little_box
D:6:      layout_loops_ring, uniq_edmund
D:7:      layout_rooms
D:8:      layout_basic, gammafunk_ghost_berserking_beasts, serial_shops,
          nicolae_shop_stone
D:9:      layout_rooms
D:10:     layout_cross, ebering_ghost_disaster_area, serial_shops,
          kennysheep_mini_moat, uniq_grum
D:11:     layout_loops_corners, lair_entry_dummy, erik_orc_4,
          kb_lookout_dungeons_type, uniq_josephine
D:12:     layout_cave_pools, serial_shops, shop, nicolae_shop_statue_plus,
          nicolae_trove_entry_crossroad, gammafunk_ghost_icy
D:13:     layout_roguey, portal_ice_cave_rime, serial_shops, shop,
          nicolae_shop_stone, nicolae_shop_behind_doors,
          nicolae_shop_temple_entry_statues_fountains, grunt_ministairs_14
D:14:     layout_stronghold, ximxim_vaults_locker_room, lemuel_doored_altar,
          gauntlet_entry_generic, kb_tengu_band
D:15:     grunt_enter_depths_snipers, layout_basic, ebering_ghost_disaster_area,
          minmay_strange_pillars, minmay_misc_feat_four_crosses
Lair:1:   minmay_lair_oklob_tunnel, layout_hall_layers,
          minmay_stone_trees_large, beast_lair_carwin_3
Lair:2:   layout_regular_city, minmay_snake_entry_spellcaster
Lair:3:   layout_small_grid, minmay_shoals_entry_centaurs, beast_lair_carwin_11,
          grunt_megastairs_4, infiniplex_staircase_pool, lemuel_fruit_fields,
          minmay_lair_oklob_chamber, serial_bayou_shore_b
Lair:4:   layout_loops_ring
Lair:5:   layout_layer_cave, dpeg_slime_entry_enclosed_altar,
          minmay_another_anthill
Lair:6:   grunt_lair_end_beastmaster, layout_long_grid, guppyfry_lair_drakes,
          uniq_nessos
Snake:1:  layout_basic, basic_altar, minmay_shop_grove, uniq_roxanne, uniq_aizul
Snake:2:  layout_grid_shapes, serial_shops, nicolae_shop_window_shopping,
          basic_altar, grunt_ministairs_2, nicolae_coiled_stairwell_down,
          grunt_megastairs_2, uniq_agnes
Snake:3:  layout_chambers, nicolae_snake_single_loop, grunt_megastairs_3
Orc:1:    layout_caves
Orc:2:    st_orc_rangers, layout_caves, serial_shops, shop
Abyss:4:  base: Lair:1, evilmike_abyss_exit_11, minivault_19,
          evilmike_nicolae_abyss_rune_containment_curve, bh_abyss_negative,
          minivault_28, gammafunk_corrupted_shrine,
          due_evilmike_abyss_rune_seething_liches

Skill      XL: |  1  2  3  4  5  6  7  8  9 10 11 12 13 14 15 16 |
---------------+-------------------------------------------------+-----
Stealth        | 10 11 12 13 14 | 14.2
Invocations    | 1 2 3 4 5 6 7 8 9 10 11 12 | 12.2
Short Blades   | 1 2 3 4 5 6 7 8 9 10 11 | 11.3
Long Blades    | 1 2 3 4 5 6 7 8 9 10 11 | 11.3
Axes           | 1 2 3 4 5 6 7 8 9 10 11 | 11.3
Polearms       | 1 2 3 4 5 6 7 8 9 10 11 | 11.3
Staves         | 1 2 3 4 5 6 7 8 9 10 11 | 11.3
Slings         | 1 2 3 4 5 6 7 8 9 10 11 | 11.3
Bows           | 1 2 3 4 5 6 7 8 9 10 11 | 11.3
Crossbows      | 1 2 3 4 5 6 7 8 9 10 11 | 11.3
Throwing       | 1 2 3 4 5 6 7 8 9 10 11 | 11.3
Armour         | 1 2 3 4 5 6 7 8 9 10 11 | 11.3
Shields        | 1 2 3 4 5 6 7 8 9 10 11 | 11.3
Unarmed Combat | 1 2 3 4 5 6 7 8 9 10 11 | 11.3
Spellcasting   | 1 2 3 4 5 6 7 8 9 10 11 | 11.3
Evocations     | 1 2 3 4 5 6 7 8 9 10 11 | 11.3
Conjurations   | 1 2 3 4 5 6 7 8 9 |  9.6
Hexes          | 1 2 3 4 5 6 7 8 9 |  9.6
Summonings     | 1 2 3 4 5 6 7 8 9 |  9.6
Necromancy     | 1 2 3 4 5 6 7 8 9 |  9.6
Translocations | 1 2 3 4 5 6 7 8 9 |  9.6
Transmutations | 1 2 3 4 5 6 7 8 9 |  9.6
Fire Magic     | 1 2 3 4 5 6 7 8 9 |  9.6
Ice Magic      | 1 2 3 4 5 6 7 8 9 |  9.6
Air Magic      | 1 2 3 4 5 6 7 8 9 |  9.6
Earth Magic    | 1 2 3 4 5 6 7 8 9 |  9.6
Poison Magic   | 1 2 3 4 5 6 7 8 9 |  9.6
Maces & Flails | 5 6 7 8 9 10 11 12 | 12.1
Dodging        | 5 6 7 8 9 10 11 12 | 12.1
Fighting       | 7 8 9 10 11 12 | 12.8

Action                   |  1- 3 |  4- 6 |  7- 9 | 10-12 | 13-15 | 16-18 || total
-------------------------+-------+-------+-------+-------+-------+-------++-------
Melee: Mace              |    22 |       |       |       |       |       ||    22
       Dagger            |    19 |       |       |       |       |       ||    19
       Whip              |    54 |   228 |   104 |       |       |       ||   386
       Bite              |    14 |    32 |    41 |   126 |   259 |   160 ||   632
       Punch             |     3 |     3 |     5 |       |       |       ||    11
       Flail             |       |       |   158 |   542 |  1121 |   648 ||  2469
       Broad axe         |       |       |       |       |   148 |       ||   148
Invok: Slouch            |       |       |     1 |     7 |    26 |    15 ||    49
Evoke: Wand              |       |       |       |    17 |     8 |    17 ||    42
  Use: Scroll            |       |       |    14 |     8 |    12 |     6 ||    40
       Potion            |       |       |     1 |       |       |     4 ||     5
 Stab: Sleeping          |     9 |     5 |     5 |     6 |    29 |    10 ||    64
       Distracted        |       |       |       |     2 |     4 |     5 ||    11
       Petrified         |       |       |       |       |    13 |       ||    13
       Petrifying        |       |       |       |       |     1 |       ||     1
       Confused          |       |       |       |       |     2 |       ||     2
Armor: Leather armour    |     5 |       |       |       |       |       ||     5
       Ring mail         |    20 |     4 |       |       |       |       ||    24
       Chain mail        |       |   102 |   131 |    87 |   244 |   135 ||   699
       Scale mail        |       |       |       |    46 |   185 |       ||   231
       Plate armour      |       |       |       |       |    52 |       ||    52
Dodge: Dodged            |    49 |   110 |   176 |   382 |  1297 |   436 ||  2450
Block: Buckler           |       |       |    14 |   195 |   435 |       ||   644
       Kite shield       |       |       |       |       |   457 |   527 ||   984
       Reflection        |       |       |       |       |    14 |    54 ||    68

Table legend: (Time is in decaauts)
 A = Elapsed time spent in this place.
 B = Non-inter-level travel time spent in this place.
 C = Inter-level travel time spent in this place.
 D = Time resting spent in this place.
 E = Time spent auto-exploring this place.
 F = Levels seen in this place.
 G = Mean time per level.
                   A        B        C        D        E       F      G
               +--------+--------+--------+--------+--------+-----+--------+
         Total |  48984 |  46736 |   2248 |   3650 |  34999 |  29 | 1689.1 |
       Dungeon |  21314 |  20087 |   1227 |    757 |  15869 |  15 | 1420.9 |
          Lair |  13042 |  12447 |    595 |    626 |   9610 |   6 | 2173.7 |
     Snake Pit |   9214 |   8997 |    217 |   1842 |   5759 |   3 | 3071.3 |
  Orcish Mines |   3367 |   3159 |    208 |    244 |   2320 |   2 | 1683.5 |
         Abyss |    627 |    627 |      0 |      0 |    470 |   2 |  313.5 |
      Ice Cave |   1418 |   1418 |      0 |    180 |    970 |   1 | 1418.0 |
               +--------+--------+--------+--------+--------+-----+--------+

Top non-repeatable levels by time:
 Snake:2: 3939 daAuts
 Snake:1: 3756 daAuts
  Lair:6: 2760 daAuts
    D:11: 2734 daAuts
  Lair:5: 2458 daAuts
  Lair:3: 2233 daAuts
  Lair:1: 2068 daAuts
  Lair:4: 1939 daAuts
   Orc:2: 1914 daAuts
    D:14: 1841 daAuts
     D:6: 1789 daAuts
     D:4: 1678 daAuts
     D:8: 1642 daAuts
     D:5: 1615 daAuts
  Lair:2: 1583 daAuts
